 Dungeon Crawl Stone Soup version 0.32-a0-422-g28b100f618 (webtiles) character file.

Game seed: 8186949228248303633

416 adelrune the Covered (level 6, -7/51 HPs)
             Began as an Armataur Fighter on Feb 21, 2024.
             Was a Follower of Makhleb.
             Mangled by a wyvern (12 damage)
             ... on level 4 of the Dungeon.
             The game lasted 00:07:58 (3262 turns).

adelrune the Covered (Armataur Fighter)             Turns: 3262, Time: 00:07:59

Health: -7/51      AC: 16    Str: 23    XL:     6   Next: 60%
Magic:  7/7        EV:  8    Int:  8    God:    Makhleb [*.....]
Gold:   131        SH:  4    Dex: 10    Spells: 3/5 levels left

rFire   . . .        A - +0 flail (protect)
rCold   . . .        c - +0 buckler
rNeg    . . .        x - +2 leather armour {Will+}
rPois   .            v - +1 helmet
rElec   .            (no cloak)
rCorr   .            (no gloves)
SInv    .            (no barding)
Will    +....        z - amulet of the acrobat
Stlth   +            (no ring)
HPRegen 0.28/turn    (no ring)
MPRegen 0.10/turn

%: acrobat, roll
@: mighty, under a protective aura
A: large, deformed body, tough skin 3, armoured tail, roll 1
a: Renounce Religion


You were on level 4 of the Dungeon.
You worshipped Makhleb.
Makhleb was aware of your devotion.
You visited 1 branch of the dungeon, and saw 5 of its levels.

You collected 131 gold pieces.

Inventory:

Hand Weapons
 A - a +0 flail of protection (weapon)
Armour
 b - a +0 scale mail
 c - a +0 buckler (worn)
 o - a +0 chain mail
 v - a +1 helmet (worn)
 x - a +2 leather armour of willpower (worn)
Jewellery
 g - an amulet of magic regeneration
 u - a ring of ice
 z - an amulet of the acrobat (around neck)
Wands
 s - a wand of paralysis (7)
Scrolls
 e - 2 scrolls of identify {unknown}
 i - 2 scrolls of enchant weapon {unknown}
 j - a scroll of poison {unknown}
 k - a scroll of brand weapon {unknown}
 m - a scroll of vulnerability {unknown}
 p - a scroll of blinking {unknown}
 q - 2 scrolls of fog {unknown}
 w - a scroll of revelation {unknown}
 y - 4 scrolls of teleportation {unknown}
Potions
 f - 2 potions of mutation {unknown}
 h - a potion of heal wounds {unknown}
 l - a potion of resistance {unknown}
 n - a potion of brilliance {unknown}
 r - a potion of magic {unknown}
 t - 3 potions of curing {unknown}


   Skills:
 + Level 3.6 Fighting
 * Level 3.9 Maces & Flails
 + Level 4.9 Armour
 + Level 4.4 Shields
 + Level 1.9 Translocations
 + Level 1.8 Invocations


You had 3 spell levels left.
You knew the following spells:

 Your Spells              Type           Power      Damage    Failure   Level
a - Blink                 Tloc           6%         N/A       38%         2

Your spell library contained the following spells:

 Spells                   Type           Power      Damage    Failure   Level
 Lesser Beckoning         Tloc           6%         N/A       38%         2
 Magic Dart               Conj           0%         1d3       52%         1
 Momentum Strike          Conj/Tloc      2%         3d8       52%         2
 Gell's Gravitas          Tloc           3%         N/A       63%         3
 Teleport Other           Tloc           3%         N/A       63%         3
 Call Imp                 Summ           0%         N/A       65%         2
 Summon Ice Beast         Ice/Summ       0%         N/A       87%         3
 Summon Mana Viper        Hex/Summ       0%         N/A       100%        5
 Dispersal                Tloc           1%         N/A       100%        6
 Monstrous Menagerie      Summ           0%         N/A       100%        7


Dungeon Overview and Level Annotations

Branches:
Dungeon (5/15)
 Temple: D:4-7

Altars:
Ashenzari
Makhleb
Sif Muna


Innate Abilities, Weirdness & Mutations

Armour fits poorly on your strangely shaped body.
You have extremely tough skin. (AC +3)
You have a long armoured tail.
You regenerate magic when rolling toward enemies. (Rampage MPRegen)


Message History

* * * LOW HITPOINT WARNING * * *
You block the gnoll's attack.
You feel very mighty all of a sudden. The gnoll completely misses you.
The gnoll hits you but does no damage.
You sock the gnoll!
You kill the gnoll!
Makhleb accepts your kill. The gnoll hits you but does no damage.
You sock the gnoll!
The gnoll is almost dead.
You block the gnoll's attack.
You sock the gnoll!
You kill the gnoll!
Makhleb accepts your kill.
You see here a +0 whip.
Things that are here:
a +0 flail of protection; a gnoll corpse
A - a +0 flail of protection Your +0 flail of protection hums with potential!
A - a +0 flail of protection (weapon)
You drop a +0 flail.
You start resting.
You feel a little less mighty now.
You start resting.
A wyvern is nearby!
The wyvern hisses angrily.
The wyvern completely misses you. The wyvern closely misses you.
You feel very mighty all of a sudden. The wyvern bites you.
You closely miss the wyvern.
Your tail-slap misses the wyvern.
The wyvern bites you.
* * * LOW HITPOINT WARNING * * *
The wyvern bites you!
* * * LOW HITPOINT WARNING * * *
You thump the wyvern!
Your weapon exudes an aura of protection.
You tail-slap the wyvern!
The wyvern is almost dead.
You block the wyvern's attack. The wyvern bites you!
You die...

#.......## ##......#
##.......###........
###[...............
#...........#....
##..........# .
##....####..# #......##
#.# #...#).k# #.#
##.##)>@##..##
##.####).#...# . #..#
#.......# .# ##.##
####....#..#
#..#######........##...##
#.......[....##..........
#.............##.# ......
##########......## #.....
##.....## ##.....


You could see a wyvern.

Vanquished Creatures
  An ogre (D:4)
  An orc priest (D:3)
  An iguana (D:3)
  2 orc wizards (D:3)
  3 gnolls (D:4)
  2 adders
  A dart slug (D:1)
  4 ribbon worms
  7 orcs
  10 bats
  8 endoplasms
  4 giant cockroaches
  10 goblins
  9 hobgoblins
  5 jackals
  7 kobolds
  6 quokkas
  7 ball pythons
  3 frilled lizards
  4 rats
95 creatures vanquished.

Notes
Turn   | Place    | Note
-------+----------+-------------------------------------------
     0 | D:1      | adelrune the Armataur Fighter began the quest for the Orb.
     0 | D:1      | Reached XP level 1. HP: 18/18 MP: 1/1
   128 | D:1      | Reached XP level 2. HP: 25/25 MP: 2/2
   324 | D:1      | Reached XP level 3. HP: 25/30 MP: 3/3
   471 | D:1      | Learned a level 2 spell: Blink
  1062 | D:2      | Reached XP level 4. HP: 36/38 MP: 4/4
  1122 | D:2      | Found a burning altar of Makhleb.
  1141 | D:2      | Became a worshipper of Makhleb the Destroyer
  1746 | D:3      | Found a broken altar of Ashenzari.
  1971 | D:3      | Found a shimmering blue altar of Sif Muna.
  2049 | D:3      | Reached skill level 1 in Translocations
  2166 | D:3      | Reached XP level 5. HP: 45/45 MP: 5/5
  2387 | D:3      | Reached * piety under Makhleb
  2802 | D:3      | Reached skill level 1 in Invocations
  2937 | D:3      | Reached XP level 6. HP: 51/51 MP: 6/6
  3130 | D:4      | Noticed a wyvern
  3150 | D:5      | Entered Level 5 of the Dungeon
  3262 | D:4      | Mangled by a wyvern

Illustrated notes

Levels and vault maps discovered:
D:1:      saegor_arrival_under_anarchy, layout_loops_ring,
          chequers_serial_rivers_small_b
D:2:      layout_basic, basic_altar, minmay_box_of_dots
D:3:      layout_basic, ashenzari_conservatory_becter,
          mainiacjoe_overflow_brackets, roderic_batcave
D:4:      layout_cave_pools, serial_library, serial_library_hellmonk_hallway_b,
          serial_library_regret_index_double_sided,
          serial_library_hellmonk_reading_circle,
          serial_library_hellmonk_junction, serial_library_hellmonk_room_a
D:5:      layout_gridville, mrwooster_statue_mirror, kennysheep_pointless_box,
          hangedman_decor_push, st_stairs_14, chequers_serial_rivers_micro_d,
          minmay_crystal_room, nicolae_figureground_pulse

Skill      XL: |  1  2  3  4  5 |
---------------+----------------+-----
Maces & Flails | 2 3 |  3.9
Fighting       | 3 |  3.6
Armour         | 4 |  4.9
Translocations | 1 |  1.9
Shields        | 4 |  4.4
Invocations    | 1 |  1.8

Action                     |  1- 3 |  4- 6 || total
---------------------------+-------+-------++-------
  Melee: Flail             |   100 |   187 ||   287
         Tailslap          |    10 |    13 ||    23
    Use: Potion            |       |     2 ||     2
 Armour: Scale mail        |    71 |    27 ||    98
         Chain mail        |       |    34 ||    34
         Leather armour    |       |   130 ||   130
  Dodge: Dodged            |    36 |    76 ||   112
  Block: Buckler           |    21 |    46 ||    67

Table legend: (Time is in decaauts)
 A = Elapsed time spent in this place.
 B = Non-inter-level travel time spent in this place.
 C = Inter-level travel time spent in this place.
 D = Time resting spent in this place.
 E = Time spent auto-exploring this place.
 F = Levels seen in this place.
 G = Mean time per level.
                   A        B        C        D        E       F      G
               +--------+--------+--------+--------+--------+-----+--------+
         Total |   3348 |   3205 |    143 |    352 |   1915 |   5 |  669.6 |
       Dungeon |   3348 |   3205 |    143 |    352 |   1915 |   5 |  669.6 |
               +--------+--------+--------+--------+--------+-----+--------+

Top non-repeatable levels by time:
     D:3: 1307 daAuts
     D:1: 951 daAuts
     D:2: 676 daAuts
     D:4: 408 daAuts
     D:5: 5 daAuts
